 Dungeon Crawl Stone Soup version 0.28.0-43-g3370ac3207 (webtiles) character file.

Game seed: 3382056671087909347

16397 Zeld the Arsonist (level 12, -17/66 HPs)
             Began as a Deep Elf Fire Elementalist on Mar 11, 2022.
             Was a Believer of Vehumet.
             Demolished by a komodo dragon (27 damage)
             ... on level 1 of the Lair of Beasts.
             The game lasted 00:21:49 (23819 turns).

Zeld the Arsonist (Deep Elf Fire Elementalist)     Turns: 23819, Time: 00:21:50

Health: -17/66     AC:  6    Str:  5    XL:     12   Next: 9%
Magic:  19/30      EV: 12    Int: 28    God:    Vehumet [**....]
Gold:   992        SH:  0    Dex: 15    Spells: 28/35 levels left

rFire   . . .      SeeInvis .   a - +5 long sword
rCold   . . .      Faith    .   (no shield)
rNeg    . . .      Spirit   .   q - +1 leather armour "Mucas" {+Blink Int+2}
rPois   +          Reflect  .   (no helmet)
rElec   .          Harm     .   (no cloak)
rCorr   +          Rampage  .   C - +0 pair of gloves
Will    +....                   j - +0 pair of boots
Stlth   +++.......              (no amulet)
HPRegen 0.21/turn               z - ring of poison resistance
MPRegen 0.22/turn               i - ring of resist corrosion

@: no status effects
A: no striking features
a: Renounce Religion, Evoke Blink


You were on level 1 of the Lair of Beasts.
You worshipped Vehumet.
Vehumet was pleased with you.
You visited 3 branches of the dungeon, and saw 14 of its levels.

You collected 1580 gold pieces.
You spent 588 gold pieces at shops.

Inventory:

Hand Weapons
 a - a +5 long sword (weapon)
Armour
 j - a +0 pair of boots (worn)
 q - the +1 leather armour "Mucas" (worn) {+Blink Int+2}
   (You found it on level 4 of the Dungeon)

   Int:       It affects your intelligence (+2).
   +Blink:    It lets you blink.
 C - a +0 pair of gloves (worn)
Jewellery
 i - a ring of resist corrosion (right hand)
 z - a ring of poison resistance (left hand)
Wands
 f - a wand of flame (10)
 k - a wand of acid (15)
 s - a wand of mindburst (11)
 t - a wand of iceblast (12)
 B - a wand of polymorph (5)
 G - a wand of charming (5)
Scrolls
 c - 3 scrolls of teleportation
 d - 2 scrolls of fear
 r - a scroll of enchant armour
 v - 3 scrolls of amnesia
 y - a scroll of summoning
 E - a scroll of magic mapping
 F - 2 scrolls of identify
Potions
 b - 4 potions of attraction {unknown}
 e - 3 potions of might {unknown}
 h - 3 potions of lignification {unknown}
 l - 2 potions of resistance
 m - 7 potions of curing
 n - 2 potions of ambrosia {unknown}
 o - a potion of mutation {unknown}
 p - 5 potions of heal wounds
 u - a potion of cancellation {unknown}
 w - a potion of berserk rage {unknown}
 x - 2 potions of flight {unknown}
 A - 2 potions of haste
 D - a potion of magic
Miscellaneous
 g - a phantom mirror (inert)


   Skills:
 + Level 4.0 Fighting
 * Level 4.3 Long Blades
 - Level 4.0 Dodging
 - Level 6.0 Stealth
 - Level 12.0 Spellcasting
 + Level 8.9 Conjurations
 * Level 12.8 Fire Magic
 * Level 7.7 Evocations


You had 28 spell levels left.
You knew the following spells:

 Your Spells              Type           Power      Damage    Failure   Level
a - Foxfire               Conj/Fire      100%       2x1d9     1%          1
b - Scorch                Fire           100%       2d10      1%          2
c - Flame Wave            Conj/Fire      67%        2d12      1%          4

Your spell library contained the following spells:

 Spells                   Type           Power      Damage    Failure   Level
 Static Discharge         Conj/Air       41%        N/A       1%          2
 Magic Dart               Conj           100%       1d8       1%          1
 Conjure Flame            Conj/Fire      67%        6-21      1%          3
 Inner Flame              Hex/Fire       52%        N/A       1%          3
 Mephitic Cloud           Conj/Pois/Air  33%        N/A       4%          3
 Call Imp                 Summ           16%        N/A       9%          2
 Hailstorm                Conj/Ice       41%        3d10      9%          4
 Ice Form                 Ice/Tmut       16%        N/A       47%         4
 Simulacrum               Ice/Necr       8%         N/A       100%        6


Dungeon Overview and Level Annotations

Branches:
Dungeon (12/15)            Temple (1/1) D:7            Lair (1/6) D:8
    Orc (0/2) D:12

Altars:
Ashenzari
Cheibriados
Dithmenos
Elyvilon
Fedhas
Gozag
Hepliaklqana
Kikubaaqudgha
Makhleb
Nemelex Xobeh
Okawaru
Qazlal
Ru
Sif Muna
Trog
Uskayaw
Vehumet
Wu Jian
Xom
Yredelemnul
Zin
The Shining One

Shops:
D:5 !   D:8 :   D:11 [

Annotations:
D:8 2 transporters, Orthodox's ghost, novice DrTm
D:10 2 transporters, adizb's ghost, journeyman DrMo
D:12 exclusion: door


Message History

You feel your power returning.
The flame wave engulfs the fungus!
The fungus is heavily damaged.
The flame wave engulfs the rime drake!
The rime drake is severely wounded.
The flame wave engulfs the komodo dragon but does no damage.
The komodo dragon is lightly wounded.
You finish channelling waves of flame.
The ice encasing you melts away.
You hear a bellow!
A water moccasin comes into view.
Casting: Flame Wave (dangerous; 1% risk of failure)
Confirm with . or Enter, or press ? or * to list all spells.
Casting: Flame Wave (dangerous; 1% risk of failure)
Press: ? - help, Dir - look around, f - activate A wave of flame ripples out!
The flame wave engulfs the rime drake!
You kill the rime drake!
Vehumet accepts your kill.
You feel your power returning.
The flame wave engulfs the fungus!
The fungus is heavily damaged. (Press . to intensify the flame waves.)
The komodo dragon is no longer more vulnerable to fire.
A nearby fungus withers and dies.
Your Fighting skill increases to level 4!
Unknown command.
A wave of flame ripples out!
The flame wave engulfs the komodo dragon.
The komodo dragon is moderately wounded.
You hear a bellow!
The komodo dragon bites you!!
* * * LOW HITPOINT WARNING * * *
Unknown command.
Unknown command.
A wave of flame ripples out!
The flame wave engulfs the komodo dragon!
The komodo dragon is severely wounded.
The flame wave engulfs the water moccasin!
The water moccasin is moderately wounded.
You finish channelling waves of flame.
The water moccasin closely misses you. The komodo dragon bites you!!
You die...

.##.#.#.#.........#
......+.#.........#
#.###.##..........#
..#.P.###.........#
##..PP# #.........#
#....## #.........#
....## ######...###
.#### #.......#
'### ###.#@#.# ...#
...#lS.# ...#
#.#.....+ ...#
####?.### ...+ ....
...## ..... ......#
...#. ..>##.. ....
#. #+## #


You could see a komodo dragon and a water moccasin.

Vanquished Creatures
  A hydra (D:12)
  A catoblepas (D:12)
  4 two-headed ogres
  A deep elf pyromancer (D:12)
  A cyclops (D:12)
  2 ugly things
  A rime drake (Lair:1)
  2 kobold demonologists (D:11)
  A komodo dragon (D:12)
  A yaktaur (D:10)
  3 trolls
  5 slime creatures
  Grinder (D:4)
  A meliai zombie (D:10)
  Sigmund (D:4)
  A wraith (D:11)
  A shadow (D:9)
  6 yaks (D:10)
  2 vampires
  A human (D:7)
  4 hogs (D:7)
  3 steam dragons (D:6)
  2 vampire mosquitoes (D:9)
  2 acid dragons
  4 water moccasins
  5 orc warriors
  4 ice beasts
  A sky beast (D:6)
  2 black bears (D:5)
  3 centaurs
  3 phantoms
  2 bullfrogs
  2 kobold brigands
  A wyvern zombie (D:6)
  A gnoll sergeant (D:6)
  A scorpion (D:5)
  2 water moccasin zombies
  9 killer bees
  11 wights
  2 howler monkeys
  A bullfrog zombie (D:6)
  3 centaur zombies
  2 hounds (D:4)
  5 orc priests
  A gnoll shaman (D:7)
  A jelly (D:5)
  An iguana (D:5)
  18 orc wizards
  A killer bee zombie (D:4)
  A hound zombie (D:5)
  6 adders
  6 gnolls
  2 shadow imps
  2 white imps
  An adder skeleton (D:5)
  2 worms
  2 dart slugs
  41 orcs
  7 endoplasms
  3 giant cockroaches
  16 goblins
  8 hobgoblins
  2 quokkas
  10 ball pythons
  3 bats
  4 frilled lizards
  15 kobolds
  7 rats
272 creatures vanquished.

Vanquished Creatures (others)
  399 foxfires
  A fungus (Lair:1)
400 creatures vanquished.

Grand Total: 672 creatures vanquished

Notes
Turn   | Place    | Note
-------+----------+-------------------------------------------
     0 | D:1      | Zeld the Deep Elf Fire Elementalist began the quest for the
                  | Orb.
     0 | D:1      | Reached XP level 1. HP: 10/10 MP: 6/6
   323 | D:1      | Reached XP level 2. HP: 15/15 MP: 4/8
   330 | D:1      | Learned a level 2 spell: Scorch
  1340 | D:2      | Reached XP level 3. HP: 19/19 MP: 6/10
  2658 | D:3      | Reached XP level 4. HP: 24/24 MP: 9/12
  2812 | D:3      | Learned a level 4 spell: Flame Wave
  3626 | D:4      | You fall into a shaft and drop 1 floor!
  3626 | D:5      | Entered Level 5 of the Dungeon
  3637 | D:5      | Reached XP level 5. HP: 28/28 MP: 11/14
  3678 | D:5      | Found an ancient bone altar of Kikubaaqudgha.
  3762 | D:6      | Noticed a phantom
  3775 | D:5      | Killed a phantom
  3776 | D:5      | Reached skill level 5 in Spellcasting
  3841 | D:5      | Reached XP level 6. HP: 19/32 MP: 0/16
  4118 | D:5      | Reached skill level 5 in Fire Magic
  4250 | D:5      | Noticed an ice beast
  4254 | D:5      | Killed an ice beast
  4542 | D:5      | Reached XP level 7. HP: 24/36 MP: 7/18
  4804 | D:5      | Found Kycwy's Distillery.
  4813 | D:5      | Bought 2 potions of curing for 84 gold pieces
  4813 | D:5      | Bought a potion of curing for 42 gold pieces
  4987 | D:4      | Identified the +1 leather armour "Mucas" {+Blink Int+2}
  5096 | D:4      | Noticed Grinder
  5106 | D:4      | Reached skill level 5 in Stealth
  5107 | D:4      | Killed Grinder
  5606 | D:4      | Reached XP level 8. HP: 41/41 MP: 18/21
  5886 | D:4      | Noticed Sigmund
  5892 | D:4      | Killed Sigmund
  6895 | D:5      | Bought a potion of heal wounds for 70 gold pieces
  9714 | D:6      | Noticed a two-headed ogre
  9720 | D:6      | Killed a two-headed ogre
  9721 | D:6      | Reached skill level 10 in Spellcasting
  9721 | D:6      | Reached skill level 5 in Conjurations
  9721 | D:6      | Reached XP level 9. HP: 34/45 MP: 14/25
 12476 | D:7      | Reached skill level 10 in Fire Magic
 12476 | D:7      | Reached XP level 10. HP: 28/50 MP: 11/27
 12940 | D:7      | Found a staircase to the Ecumenical Temple.
 13091 | Temple   | Entered the Ecumenical Temple
 13103 | Temple   | Became a worshipper of Vehumet
 13251 | D:8      | Found a transporter.
 13251 | D:8      | Found a transporter.
 13251 | D:8      | Noticed Orthodox's ghost (novice DrTm)
 13251 | D:8      | Noticed an orc knight
 13356 | D:8      | Reached skill level 1 in Evocations
 13523 | D:8      | Found Fojohe's Book Shoppe.
 13922 | D:8      | Noticed a two-headed ogre
 13931 | D:8      | Killed a two-headed ogre
 13932 | D:8      | Reached skill level 1 in Fighting
 14168 | D:8      | Found a staircase to the Lair.
 14297 | D:5      | Bought a potion of haste for 140 gold pieces
 14297 | D:5      | Bought a potion of magic for 112 gold pieces
 14834 | D:9      | Reached * piety under Vehumet
 14834 | D:9      | Offered knowledge of Freeze by Vehumet.
 15325 | D:9      | Reached skill level 1 in Long Blades
 16347 | D:9      | Identified a scroll of acquirement
 16348 | D:9      | Acquired 837 gold pieces
 16424 | D:5      | Bought a potion of resistance for 140 gold pieces
 16483 | D:10     | Entered Level 10 of the Dungeon
 16824 | D:10     | Found a transporter.
 16824 | D:10     | Noticed adizb's ghost (journeyman DrMo)
 16825 | D:10     | Noticed a two-headed ogre
 16825 | D:10     | Identified the +1 giant spiked club "Refusmi" {vorpal, rN++
                  | Str+4 Int+4 Dex-2}
 16825 | D:10     | Noticed a two-headed ogre
 16826 | D:10     | Found a transporter.
 16829 | D:10     | Noticed a two-headed ogre
 17277 | D:10     | Noticed a cyan ugly thing
 17293 | D:10     | Reached XP level 11. HP: 28/57 MP: 19/29
 17600 | D:10     | Noticed a two-headed ogre
 17620 | D:10     | Killed a cyan ugly thing
 18098 | D:10     | Reached skill level 5 in Evocations
 19397 | D:11     | Found Anefeikk's Armour Shoppe.
 19626 | D:11     | Noticed a two-headed ogre
 19630 | D:11     | Killed a two-headed ogre
 19630 | D:11     | Reached ** piety under Vehumet
 20235 | D:12     | Offered knowledge of Static Discharge by Vehumet.
 20235 | D:12     | Noticed a catoblepas
 21254 | D:12     | Noticed a five-headed hydra
 21269 | D:12     | Killed a five-headed hydra
 21639 | D:12     | Found a staircase to the Orcish Mines.
 21655 | D:12     | Noticed a deep elf pyromancer
 21655 | D:12     | Noticed a brown ugly thing
 21661 | D:12     | Killed a deep elf pyromancer
 21662 | D:12     | Killed a brown ugly thing
 21885 | D:12     | Noticed a two-headed ogre
 21894 | D:12     | Killed a two-headed ogre
 22119 | D:12     | Noticed a deep elf pyromancer
 22204 | D:12     | Killed a catoblepas
 22205 | D:12     | Reached XP level 12. HP: 64/66 MP: 30/30
 22252 | D:12     | Noticed a boulder beetle
 23692 | Lair:1   | Entered Level 1 of the Lair of Beasts
 23819 | Lair:1   | Demolished by a komodo dragon

Illustrated notes

Levels and vault maps discovered:
D:1:      lemuel_arrival_tunnels, layout_basic, minmay_tetromino_t4
D:2:      layout_basic, hangedman_abyss_or_decor_stabs, hangedman_glass_teeth,
          minmay_3d_cube
D:3:      minmay_door_path, layout_basic
D:4:      layout_loops_corners, uniq_sigmund, uniq_grinder
D:5:      layout_rooms, mainiacjoe_overflow_surrounded_room, serial_shops, shop
D:6:      layout_rooms, hangedman_minor_gate_pass
D:7:      layout_rooms, lemuel_temple_firewalk_b, grunt_livestock
D:8:      layout_cave_pods, dpeg_oklobed_lair, gammafunk_ghost_arena,
          serial_shops, kennysheep_mini_moat
D:9:      layout_irregular_city, minivault_23, glass_columns_a
D:10:     layout_basic, enter_bailey_5, gammafunk_ghost_smash,
          amcnicky_mini_corridor_feature
D:11:     layout_stronghold, serial_shops, shop
D:12:     minmay_chambers_of_sevens, layout_loops_ring, orc_0_dummy,
          nicolae_trove_entry_free_sample, columned_hall_lemuel
Temple:   dpeg_three_leaves_temple
Lair:1:   layout_roguey, ebering_ghost_disaster_area, infiniplex_staircase_pool,
          grunt_megastairs_2

Skill      XL: |  1  2  3  4  5  6  7  8  9 10 11 12 |
---------------+-------------------------------------+-----
Spellcasting   | 4 5 6 7 10 11 12 | 12.0
Stealth        | 3 4 5 6 |  6.0
Fire Magic     | 4 5 6 8 10 11 12 | 12.8
Dodging        | 3 4 |  4.0
Conjurations   | 2 3 5 6 7 8 |  8.9
Evocations     | 4 7 |  7.7
Fighting       | 2 3 4 |  4.0
Long Blades    | 1 4 |  4.3

Action                   |  1- 3 |  4- 6 |  7- 9 | 10-12 || total
-------------------------+-------+-------+-------+-------++-------
Melee: Unarmed           |     3 |     6 |     7 |     2 ||    18
       Punch             |       |     1 |       |       ||     1
       Long sword        |       |       |       |     7 ||     7
 Cast: Foxfire           |   131 |    61 |    43 |    19 ||   254
       Scorch            |     1 |    27 |   149 |   210 ||   387
       Flame Wave        |       |       |     3 |    20 ||    23
Evoke: Wand              |       |     3 |       |     6 ||     9
       Phantom mirror    |       |       |       |     1 ||     1
  Use: Scroll            |       |       |       |    20 ||    20
Armor: Robe              |     1 |     8 |       |       ||     9
       Leather armour    |       |       |    38 |    35 ||    73
Dodge: Dodged            |    13 |    26 |    90 |    97 ||   226
